 Dungeon Crawl Stone Soup version 0.30-a0-222-ge547ba4400 (webtiles) character file.

Game seed: 1968031678603935006

252 dlkrklf the Vexing (level 5, 0/24 HPs)
             Began as a Spriggan Enchanter on Oct 9, 2022.
             Killed from afar by an orc wizard (9 damage)
             ... with a puff of flame
             ... on level 4 of the Dungeon.
             The game lasted 00:12:41 (2962 turns).

dlkrklf the Vexing (Spriggan Enchanter)             Turns: 2962, Time: 00:12:42

Health: 0/24       AC:  3    Str:  6    XL:     5   Next: 89%
Magic:  12/13      EV: 17    Int: 17    God:
Gold:   172        SH:  5    Dex: 15    Spells: 3/14 levels left

rFire   . . .      SeeInvis +    a - +2 dagger
rCold   + . .      Faith    .    (no shield)
rNeg    . . .      Spirit   .    b - +0 robe
rPois   .          Reflect  +    (helmet restricted)
rElec   .          Harm     .    f - +0 cloak
rCorr   .          Rampage  .    (gloves unavailable)
Will    .....                    (boots unavailable)
Stlth   +++.......               h - amulet "Exoop" {Reflect rC+ SH+5}
HPRegen 0.24/turn                (no ring)
MPRegen 0.13/turn                (no ring)

@: brilliant, about to teleport, flying, unable to read, very quick
A: very small, no large weapons, unfitting armour, see invisible, speed 3,
screaming 1, inability to read after injury 1
a: no special abilities


You were on level 4 of the Dungeon.
You visited 1 branch of the dungeon, and saw 4 of its levels.

You collected 172 gold pieces.

Inventory:

Hand Weapons
 a - a +2 dagger (weapon)
Armour
 b - a +0 robe (worn)
 f - a +0 cloak (worn)
Jewellery
 g - a ring of fire
 h - the amulet "Exoop" (around neck) {Reflect rC+ SH+5}
   (You found it on level 3 of the Dungeon)

   [amulet of reflection]

   It reflects blocked missile attacks.
   rC:        It protects you from cold.
   SH:        It affects your SH (+5).
Scrolls
 k - a scroll of amnesia
Potions
 c - 4 potions of invisibility


   Skills:
 - Level 1.1 Short Blades
 - Level 2.6 Dodging
 + Level 5.3 Stealth
 + Level 5.4 Spellcasting
 + Level 6.0 Hexes


You had 3 spell levels left.
You knew the following spells:

 Your Spells              Type           Power      Damage    Failure   Level
a - Ensorcelled Hibernat  Hex/Ice        44%        N/A       6%          2
b - Tukima's Dance        Hex            37%        N/A       3%          3
c - Dazzling Flash        Conj/Hex       44%        N/A       12%         3
d - Confusing Touch       Hex            37%        N/A       3%          3

Your spell library contained the following spells:

 Spells                   Type           Power      Damage    Failure   Level
 Inner Flame              Hex/Fire       22%        N/A       12%         3
 Apportation              Tloc           12%        N/A       14%         1
 Freeze                   Ice            24%        1d5       14%         1
 Necrotise                Necr           24%        1d5       14%         1
 Summon Small Mammal      Summ           24%        N/A       14%         1
 Frozen Ramparts          Ice            12%        1d2       38%         3
 Hailstorm                Conj/Ice       6%         3d4       38%         3
 Cause Fear               Hex            18%        N/A       12%         4
 Discord                  Hex            18%        N/A       100%        8


Dungeon Overview and Level Annotations

Branches:
Dungeon (4/15)
 Temple: D:4-7

Altars:
Elyvilon
Trog

Annotations:
D:4 Natasha


Innate Abilities, Weirdness & Mutations

You are very small and have problems with some larger weapons.
You are too small for most types of armour.
You have supernaturally acute eyesight. (SInv)
You cover ground extremely quickly. (Speed+++)
You occasionally shout uncontrollably at your foes.
You occasionally lose the ability to read scrolls when taking damage.


Message History

You fly up into the air.
The orc wizard completely misses you. Magic courses through your body.
You can read scrolls again.
The orc wizard hits you with a +0 dagger.
Natasha, Servant of Life and Death comes into view.
She is carrying a wand of flame (19).
Casting: Ensorcelled Hibernation (safe; 6% risk of failure)
Confirm with . or Enter, or press ? or * to list all spells.
Aiming: Ensorcelled Hibernation (safe; 6% risk of failure)
Press: ? - help, Shift-Dir - straight line, f/p - orc wizard
Aim: an orc wizard, wielding a +0 dagger and wearing a +0 robe (heavily wounded, slightly transparent, chance to affect: 54%)
You feel a surge of power!
The orc wizard looks drowsy...
You completely miss the orc. You block the orc's attack.
Natasha casts a spell.
The orc wizard shouts!
Casting: Ensorcelled Hibernation (safe; 6% risk of failure)
Confirm with . or Enter, or press ? or * to list all spells.
Aiming: Ensorcelled Hibernation (safe; 6% risk of failure)
Press: ? - help, Shift-Dir - straight line, f - orc, p - orc wizard
Aim: an orc, wielding a +0 club and carrying a wand of flame (25) (chance to affect: 71%)
You feel a surge of power!
The orc looks drowsy...
The orc wizard completely misses you.
The white imp grins evilly.
The helpless orc fails to defend itself.
You impale the orc!!
You kill the orc!
The orc wizard barely misses you.
You aren't carrying any items that you can evoke.
Unknown command.
Okay, then.
Unknown command.
As you read the scroll of teleportation, it crumbles to dust.
You feel strangely unstable.
The orc wizard hits you with a +0 dagger.
Natasha growls.
Unknown command.
Items here: )) / [ ††.
The orc wizard points at you and mumbles some strange words.
The puff of flame hits you!
You feel threatened and lose the ability to read scrolls!
You die...

..?#..o #...#...
........
#######...h...######
#..............#...###
#.......# ...........
#.......# #.........
#.......######........
#......@)oh5...........
#.......####............
##############..........
##.....##.............
#...)................
#.....................
#.................###
#..................##
#................#..#


You could see an orc wizard (invisible), Natasha and a white imp (summoned).

Vanquished Creatures
  A jelly (D:4)
  An orc wizard (D:4)
  Natasha (twice) (D:4)
  An iguana (D:3)
  4 adders
  A worm (D:4)
  3 dart slugs
  6 orcs
  6 ball pythons
  5 endoplasms
  2 giant cockroaches (D:1)
  8 goblins
  5 hobgoblins
  7 jackals
  2 quokkas
  5 bats
  7 frilled lizards
  8 kobolds
  3 rats
77 creatures vanquished.

Vanquished Creatures (collateral kills)
  A kobold (D:3)
1 creature vanquished.

Vanquished Creatures (others)
  A dancing weapon (D:3)
1 creature vanquished.

Grand Total: 79 creatures vanquished

Notes
Turn   | Place    | Note
-------+----------+-------------------------------------------
     0 | D:1      | dlkrklf the Spriggan Enchanter began the quest for the Orb.
     0 | D:1      | Reached XP level 1. HP: 9/9 MP: 5/5
   288 | D:1      | Reached skill level 4 in Hexes
   288 | D:1      | Reached XP level 2. HP: 12/13 MP: 7/7
   291 | D:1      | Learned a level 2 spell: Ensorcelled Hibernation
  1069 | D:2      | Found a bloodstained altar of Trog.
  1116 | D:2      | Found a faded altar of an unknown god.
  1222 | D:2      | Reached XP level 3. HP: 15/16 MP: 5/9
  1226 | D:2      | Learned a level 3 spell: Tukima's Dance
  1230 | D:2      | Learned a level 3 spell: Confusing Touch
  1521 | D:2      | Reached XP level 4. HP: 19/21 MP: 6/11
  1522 | D:2      | Reached skill level 5 in Hexes
  1666 | D:2      | Gained mutation: Your system is resistant to poisons.
                  | (rPois) [potion of mutation]
  1666 | D:2      | Gained mutation: Your mind is acute. (Int +4, Str/Dex -1)
                  | [potion of mutation]
  1840 | D:3      | Found a white marble altar of Elyvilon.
  1857 | D:3      | Lost mutation: Your mind is acute. (Int +4, Str/Dex -1)
                  | [potion of mutation]
  1857 | D:3      | Lost mutation: Your system is resistant to poisons. (rPois)
                  | [potion of mutation]
  1857 | D:3      | Gained mutation: You occasionally lose the ability to read
                  | scrolls when taking damage. [potion of mutation]
  1857 | D:3      | Gained mutation: You occasionally shout uncontrollably at
                  | your foes. [potion of mutation]
  2021 | D:3      | Identified a scroll of acquirement
  2021 | D:3      | Acquired a book of Hexes
  2373 | D:3      | Identified the amulet "Exoop" {Reflect rC+ SH+5}
  2395 | D:3      | Learned a level 3 spell: Dazzling Flash
  2690 | D:4      | Reached XP level 5. HP: 24/24 MP: 13/13
  2772 | D:4      | Noticed Natasha
  2798 | D:4      | Killed Natasha
  2799 | D:4      | Reached skill level 5 in Spellcasting
  2922 | D:4      | Noticed Natasha
  2934 | D:4      | Killed Natasha
  2945 | D:4      | Reached skill level 5 in Stealth
  2948 | D:4      | Reached skill level 6 in Hexes
  2955 | D:4      | Noticed Natasha
  2962 | D:4      | Killed from afar by an orc wizard

Illustrated notes

Levels and vault maps discovered:
D:1:      dpeg_arrival_arbitrary_b, layout_basic
D:2:      minmay_angry_zag, layout_rooms, basic_ecumenical_altar, basic_altar
D:3:      layout_basic, mainiacjoe_overflow_six_doors_small, kennysheep_doodads,
          minmay_circle_x
D:4:      layout_rooms, dancing_weapons_uskayaw, chequers_serial_rivers_small_b,
          grunt_ministairs_12, uniq_natasha

Skill      XL: |  1  2  3  4  5 |
---------------+----------------+-----
Spellcasting   | 3 4 5 |  5.4
Hexes          | 4 5 6 |  6.0
Stealth        | 5 |  5.3
Short Blades   | |  1.1
Dodging        | |  2.6

Action                   |  1- 3 |  4- 6 || total
-------------------------+-------+-------++-------
Melee: Dagger            |   140 |   114 ||   254
       Punch             |     2 |     1 ||     3
 Cast: Ensorcelled Hiber |    11 |    21 ||    32
       Tukima's Dance    |       |     3 ||     3
  Use: Scroll            |     4 |     8 ||    12
       Potion            |       |     6 ||     6
 Stab: Sleeping          |     9 |    16 ||    25
Armor: Robe              |    20 |    15 ||    35
Dodge: Dodged            |    95 |    82 ||   177
Block: Other             |    29 |    35 ||    64

Table legend: (Time is in decaauts)
 A = Elapsed time spent in this place.
 B = Non-inter-level travel time spent in this place.
 C = Inter-level travel time spent in this place.
 D = Time resting spent in this place.
 E = Time spent auto-exploring this place.
 F = Levels seen in this place.
 G = Mean time per level.
                   A        B        C        D        E       F      G
               +--------+--------+--------+--------+--------+-----+--------+
         Total |   2126 |   2037 |     89 |      3 |   1408 |   4 |  531.5 |
       Dungeon |   2126 |   2037 |     89 |      3 |   1408 |   4 |  531.5 |
               +--------+--------+--------+--------+--------+-----+--------+

Top non-repeatable levels by time:
     D:3: 698 daAuts
     D:1: 697 daAuts
     D:2: 498 daAuts
     D:4: 232 daAuts
